 Dungeon Crawl Stone Soup version 0.28-a0-1117-g0bdd5ba030 (webtiles) character file.

Game seed: 9322649300530610813

34409 fragbeetle the Martial Artist (level 13, -4/103 HPs)
             Began as a Merfolk Transmuter on Dec 11, 2021.
             Was the Champion of Makhleb.
             Slain by a sixfirhy (12 damage)
             ... on level 2 of the Orcish Mines.
             The game lasted 01:27:46 (18556 turns).

fragbeetle the Martial Artist (Merfolk Transmuter) Turns: 18556, Time: 01:27:47

Health: -4/103     AC: 13    Str: 14    XL:     13   Next: 77%
Magic:  21/21      EV: 21    Int: 13    God:    Makhleb [******]
Gold:   866        SH:  0    Dex: 15    Spells: 9/23 levels left

rFire   . . .      SeeInvis .   Z - staff of cold
rCold   + . .      Faith    .   (no shield)
rNeg    . . .      Spirit   .   n - +3 troll leather armour {Pargi}
rPois   .          Reflect  .   P - +2 hat
rElec   .          Harm     .   (no cloak)
rCorr   .          Rampage  .   C - +2 pair of gloves
Will    +....                   v - +0 pair of boots
Stlth   ++........              H - amulet of regeneration
HPRegen 1.87/turn               i - ring of willpower
MPRegen 0.17/turn               j - +4 ring of evasion

@: studying Bows
A: (nimble swimmer 2), mertail
a: Renounce Religion, Minor Destruction, Lesser Servant of Makhleb, Major
Destruction, Greater Servant of Makhleb


You were on level 2 of the Orcish Mines.
You worshipped Makhleb.
Makhleb was exalted by your worship.
You visited 4 branches of the dungeon, and saw 18 of its levels.
You visited the Abyss 1 time.
You also visited: Sewer and Ossuary.

You collected 1621 gold pieces.
You spent 755 gold pieces at shops.

Inventory:

Hand Weapons
 S - the +8 glaive of Rotation {protect, rF+ Will+ Str+4 Dex-5}
   (You found it on level 8 of the Dungeon)

   It grants its wielder temporary protection when it strikes (+7 to AC).
   Str:       It affects your strength (+4).
   Dex:       It affects your dexterity (-5).
   rF:        It protects you from fire.
   Will:      It increases your willpower.
Missiles
 q - 4 silver javelins
 B - 9 silver boomerangs
 Q - 2 throwing nets
 W - 7 curare-tipped darts
Armour
 n - a +3 troll leather armour (worn) {Pargi}
 v - a +0 pair of boots (worn)
 C - a +2 pair of gloves (worn)
 I - the +1 leather armour of Satoklaty {+Blink Str+2 Dex+2 Slay-3}
   (You found it on level 7 of the Dungeon)

   Str:       It affects your strength (+2).
   Dex:       It affects your dexterity (+2).
   Slay:      It affects your accuracy & damage with ranged weapons and melee
   (-3).
   +Blink:    It lets you blink.
 P - a +2 hat (worn)
Magical Staves
 o - a staff of poison
 Z - a staff of cold (weapon)
Jewellery
 d - a +4 ring of evasion
 i - a ring of willpower (left hand)
 j - a +4 ring of evasion (right hand)
 t - a ring of see invisible
 u - a +4 ring of protection
 H - an amulet of regeneration (around neck)
 R - a ring of resist corrosion
Wands
 l - a wand of iceblast (12)
 U - a wand of charming (3)
 X - a wand of polymorph (4)
 Y - a wand of flame (6)
Scrolls
 a - 2 scrolls of vulnerability {unknown}
 e - a scroll of enchant weapon
 f - 6 scrolls of fear
 g - 2 scrolls of enchant armour
 k - 2 scrolls of torment {unknown}
 r - 2 scrolls of teleportation
 z - a scroll of fog
 E - 5 scrolls of amnesia
 L - 2 scrolls of magic mapping {unknown}
 V - 2 scrolls of blinking
Potions
 b - 4 potions of haste
 c - 7 potions of curing
 h - 5 potions of lignification
 m - 4 potions of heal wounds
 p - a potion of magic {unknown}
 s - a potion of invisibility {unknown}
 w - a potion of experience {unknown}
 A - 2 potions of ambrosia
 D - 3 potions of might
 G - 2 potions of brilliance
 M - 2 potions of cancellation


   Skills:
 * Level 10.2 Fighting
 + Level 2.5 Armour
 * Level 11.8 Dodging
 + Level 3.2 Stealth
 + Level 13.3 Unarmed Combat
 + Level 5.8 Spellcasting
 * Level 11.1 Transmutations
 + Level 6.3 Ice Magic
 * Level 7.6 Poison Magic
 * Level 6.5 Invocations


You had 9 spell levels left.
You knew the following spells:

 Your Spells              Type           Power      Damage    Failure   Level
a - Beastly Appendage     Tmut           64%        N/A       1%          1
b - Spider Form           Tmut/Pois      28%        N/A       1%          3
c - Ice Form              Ice/Tmut       39%        N/A       6%          4
d - Ignite Poison         Fire/Tmut/Pois 20%        N/A       4%          3
e - Mephitic Cloud        Conj/Pois/Air  10%        N/A       22%         3

Your spell library contained the following spells:

 Spells                   Type           Power      Damage    Failure   Level
 Wereblood                Tmut           32%        N/A       1%          2
 Poisonous Vapours        Pois/Air       26%        N/A       7%          2
 Slow                     Hex            12%        N/A       22%         1
 Corpse Rot               Necr/Air       6%         N/A       32%         2
 Yara's Violent Unravell  Hex/Tmut       9%         3d6       52%         5
 Confusing Touch          Hex            3%         N/A       54%         3
 Freezing Cloud           Conj/Ice/Air   6%         6-21      94%         5
 Conjure Ball Lightning   Conj/Air       1%         3x3d6     100%        6
 Discord                  Hex            1%         N/A       100%        8
 Disjunction              Tloc           1%         N/A       100%        8


Dungeon Overview and Level Annotations

Branches:
Dungeon (11/15)            Temple (1/1) D:4            Lair (4/6) D:10
 Spider (0/4) Lair:3          Orc (2/2) D:9             Elf (0/3) Orc:2
  Sewer (visited)         Ossuary (visited)
  Swamp: Lair:2-4    Shoals: Lair:2-4

Altars:
Ashenzari
Cheibriados
Dithmenos
Elyvilon
Fedhas
Gozag
Hepliaklqana
Kikubaaqudgha
Makhleb
Nemelex Xobeh
Okawaru
Qazlal
Ru
Sif Muna
Trog
Uskayaw
Vehumet
Wu Jian
Xom
Yredelemnul
Zin
The Shining One

Shops:
D:6 [?   D:11 ?   Orc:2 (=?(**

Annotations:
Lair:4 Nessos


Innate Abilities, Weirdness & Mutations

((You are quick and stealthy near water. (Stealth+, EV+, Speed+++)))
Your lower body shifts to a powerful aquatic tail in water.


Message History

Things that are here:
a +0 morningstar; a +0 leather armour The sixfirhy hits you.
The sixfirhy shocks you! The sixfirhy completely misses you.
Items here: )) [ †.
The sixfirhy misses you. The sixfirhy completely misses you.
The sixfirhy hits you! The sixfirhy shocks you!
* * * LOW HITPOINT WARNING * * *
The sixfirhy barely misses you. The sixfirhy completely misses you.
The sixfirhy closely misses you.
The orc high priest calls down the wrath of Beogh upon you.
Beogh smites you!
* * * LOW HITPOINT WARNING * * *
The sixfirhy hits you.
* * * LOW HITPOINT WARNING * * *
The sixfirhy shocks you!
* * * LOW HITPOINT WARNING * * *
You feel much better.
You warm up again.
Your staff of cold unmelds from your body.
Your +2 hat unmelds from your body.
Your +2 pair of gloves unmelds from your body.
Your +0 pair of boots unmelds from your body.
Your +3 troll leather armour {Pargi} unmelds from your body.
The sixfirhy hits you.
* * * LOW HITPOINT WARNING * * *
The sixfirhy shocks you!
* * * LOW HITPOINT WARNING * * *
The sixfirhy closely misses you. The sixfirhy completely misses you.
The orc high priest mumbles some strange prayers to Beogh.
There is a stone staircase leading up here.
The ice devil disappears in a puff of smoke!
The sixfirhy hits you!
* * * LOW HITPOINT WARNING * * *
The sixfirhy shocks you!
* * * LOW HITPOINT WARNING * * *
The sixfirhy hits you.
* * * LOW HITPOINT WARNING * * *
The sixfirhy shocks you!
You die...

......###)#.####)..#...##.
..#..##.#......)4o#.......
#.#...........))o.........
......#...........)..#....
#.........................
##.........#.....§........
#.#...##...#...3..)...#..
...#...........3.......##
##.#....#...@......#.. #
.....##.......#.... #....#
#............ ...
#..........#..
.............##
.##.#......... #
#..#........ ....#<...##.


You could see a soul eater (summoned), an orc high priest, a rust devil
(summoned), a sixfirhy and an orc warrior.

Vanquished Creatures
  A boulder beetle (D:9)
  Fannar (Lair:1)
  3 hydras
  Erica (D:8)
  3 two-headed ogres
  Urug (D:11)
  2 death yaks
  Sonja (Lair:2)
  2 orc knights
  2 cyclopes
  A black mamba (Lair:4)
  10 cane toads
  Maggie (D:6)
  2 kobold demonologists
  3 starcursed masses (Abyss:1)
  2 komodo dragons
  A rime drake (Lair:3)
  2 trolls
  2 polar bears
  4 blink frogs (Lair:4)
  3 wyverns
  36 yaks
  Eustachio (D:6)
  2 basilisks
  A steam dragon (D:6)
  A chaos spawn (Orc:2)
  Edmund (D:6)
  An acid dragon (D:11)
  5 water moccasins
  Pargi (Sewer)
  A sky beast (D:6)
  33 orc warriors
  3 black bears
  6 centaurs
  A small abomination (Abyss:1)
  12 wolves
  7 ogres
  11 bullfrogs
  16 kobold brigands
  2 gnoll sergeants
  3 scorpions
  9 killer bees
  3 howler monkeys
  2 bullfrog zombies (D:6)
  4 jellies
  A quasit (Abyss:1)
  5 centaur zombies
  3 gnoll shamans
  3 hounds
  3 bullfrog skeletons
  23 orc priests
  2 iguanas
  19 orc wizards
  2 killer bee zombies
  8 mummies (Ossuary)
  A howler monkey zombie (D:6)
  8 adders
  19 gnolls
  A shadow imp (D:6)
  A white imp (D:8)
  An ufetubus (D:5)
  A worm (D:4)
  2 dart slugs
  84 orcs
  8 endoplasms
  3 giant cockroaches
  4 goblins
  5 hobgoblins
  4 jackals
  4 quokkas
  5 ball pythons
  6 bats
  3 frilled lizards
  2 gnoll zombies (Ossuary)
  2 hobgoblin zombies (Ossuary)
  28 kobolds
  2 kobold zombies (Ossuary)
  2 orc zombies (Ossuary)
  5 rats
480 creatures vanquished.

Vanquished Creatures (others)
  A centaur skeleton (D:6)
  8 fungi
  18 plants
27 creatures vanquished.

Grand Total: 507 creatures vanquished

Notes
Turn   | Place    | Note
-------+----------+-------------------------------------------
     0 | D:1      | fragbeetle the Merfolk Transmuter began the quest for the
                  | Orb.
     0 | D:1      | Reached XP level 1. HP: 15/15 MP: 3/3
   191 | D:1      | Reached XP level 2. HP: 21/21 MP: 3/5
   892 | D:1      | Found a faded altar of an unknown god.
   895 | D:1      | Reached XP level 3. HP: 26/26 MP: 6/6
  1259 | D:1      | Learned a level 3 spell: Spider Form
  1918 | D:2      | Found a basalt altar of Yredelemnul.
  2004 | D:2      | Reached skill level 4 in Unarmed Combat
  2097 | D:2      | Reached XP level 4. HP: 32/32 MP: 5/7
  2530 | D:3      | Reached skill level 1 in Stealth
  3024 | D:3      | Reached XP level 5. HP: 22/38 MP: 5/8
  3233 | D:3      | Reached skill level 1 in Poison Magic
  3385 | D:4      | Noticed an ogre
  3391 | D:4      | Found a glowing drain.
  3831 | Sewer    | Entered a sewer
  3942 | Sewer    | Noticed Pargi
  3952 | Sewer    | Killed Pargi
  3953 | Sewer    | Reached XP level 6. HP: 20/44 MP: 6/9
  4455 | D:4      | Identified the +8 dagger of Gosoz {venom, Will+ rCorr Dex+9
                  | Stlth-}
  4788 | D:4      | Reached XP level 7. HP: 25/52 MP: 7/11
  4876 | D:4      | Found a staircase to the Ecumenical Temple.
  5238 | D:5      | Entered Level 5 of the Dungeon
  5429 | D:5      | Reached skill level 5 in Unarmed Combat
  5429 | D:5      | Reached skill level 5 in Transmutations
  5510 | D:5      | Reached skill level 5 in Dodging
  5737 | D:5      | Reached XP level 8. HP: 39/60 MP: 10/12
  6534 | Temple   | Entered the Ecumenical Temple
  6608 | Temple   | Became a worshipper of Makhleb the Destroyer
  6898 | D:6      | Noticed Edmund
  6985 | D:6      | Killed Edmund
  6986 | D:6      | Reached skill level 1 in Armour
  6986 | D:6      | Reached skill level 6 in Unarmed Combat
  7229 | D:6      | Learned a level 4 spell: Ice Form
  7283 | D:6      | Noticed Maggie
  7292 | D:6      | Found Uxaleq's Magic Scroll Boutique.
  7334 | D:6      | Bought a scroll of noise for 11 gold pieces
  7334 | D:6      | Bought a scroll of immolation for 38 gold pieces
  7334 | D:6      | Bought a scroll of fog for 22 gold pieces
  7334 | D:6      | Bought a scroll of identify for 22 gold pieces
  7459 | D:6      | Noticed a two-headed ogre
  7609 | D:7      | Reached skill level 5 in Fighting
  7609 | D:7      | Reached XP level 9. HP: 66/68 MP: 11/14
  7636 | D:7      | Reached skill level 7 in Unarmed Combat
  7754 | D:7      | Found a glowing golden altar of the Shining One.
  7958 | D:7      | Reached * piety under Makhleb
  8033 | D:7      | Found a sand-covered staircase.
  8038 | Ossuary  | Entered an ossuary
  8118 | Ossuary  | Learned a level 3 spell: Ignite Poison
  8334 | D:7      | Reached skill level 1 in Ice Magic
  8434 | D:7      | Identified the +1 leather armour of Satoklaty {+Blink Str+2
                  | Dex+2 Slay-3}
  8844 | D:8      | Reached ** piety under Makhleb
  9041 | D:6      | Killed Maggie
  9042 | D:6      | Reached skill level 8 in Unarmed Combat
  9068 | D:6      | Bought a scroll of identify for 22 gold pieces
  9068 | D:6      | Bought a scroll of identify for 22 gold pieces
  9214 | D:6      | Killed a two-headed ogre
  9215 | D:6      | Reached XP level 10. HP: 77/77 MP: 12/16
  9321 | D:6      | Noticed Eustachio
  9339 | D:6      | Found Wufar's Antique Armour Shop.
  9420 | D:8      | Reached skill level 9 in Unarmed Combat
  9598 | D:8      | Noticed Erica
  9866 | D:6      | Killed Eustachio
 10453 | D:9      | Reached *** piety under Makhleb
 10458 | D:9      | Reached XP level 11. HP: 84/84 MP: 11/17
 10470 | D:9      | Found a staircase to the Orcish Mines.
 10513 | D:9      | Reached skill level 10 in Unarmed Combat
 10881 | D:9      | Noticed a boulder beetle
 10894 | D:10     | Entered Level 10 of the Dungeon
 10899 | D:10     | Noticed a two-headed ogre
 10908 | D:10     | Noticed a two-headed ogre
 10923 | D:9      | Killed a two-headed ogre
 10992 | D:9      | Killed a boulder beetle
 11190 | D:9      | Learned a level 3 spell: Mephitic Cloud
 11272 | D:8      | Reached skill level 1 in Invocations
 11305 | D:8      | Upgraded the game from 0.28-a0-1087-gf3fc490d9d to
                  | 0.28-a0-1117-g0bdd5ba030
 11344 | D:8      | Identified the +8 glaive of Rotation {protect, rF+ Will+
                  | Str+4 Dex-5}
 11544 | D:8      | Killed Erica
 11820 | D:10     | Noticed a death yak
 11822 | D:10     | Noticed a death yak
 11950 | D:10     | Killed a two-headed ogre
 11954 | D:10     | Identified the +1 leather armour of the Evening {rF- Regen+
                  | Int-3 Dex+8}
 12035 | D:11     | Noticed Urug
 12114 | D:11     | Noticed a cyclops
 12126 | D:11     | Killed a cyclops
 12127 | D:11     | Reached skill level 5 in Ice Magic
 12168 | D:11     | Reached **** piety under Makhleb
 12218 | D:11     | Reached skill level 10 in Dodging
 12301 | D:11     | Reached skill level 5 in Poison Magic
 12384 | D:11     | Found Raisacw's Magic Scroll Shoppe.
 12392 | D:11     | Bought a scroll of enchant weapon for 97 gold pieces
 12392 | D:11     | Bought a scroll of identify for 26 gold pieces
 12415 | D:11     | Reached skill level 11 in Unarmed Combat
 12427 | D:10     | Found a staircase to the Lair.
 12433 | D:10     | Noticed a death yak
 12434 | D:10     | Noticed a death yak
 12435 | D:10     | Noticed a death yak
 12435 | D:10     | Noticed a death yak
 12437 | Lair:1   | Entered Level 1 of the Lair of Beasts
 12446 | Lair:1   | Reached skill level 5 in Spellcasting
 12592 | Lair:1   | Reached XP level 12. HP: 94/94 MP: 15/19
 12817 | Lair:1   | Noticed Fannar
 12849 | Lair:1   | Killed Fannar
 12929 | Lair:1   | Noticed an eight-headed hydra
 12938 | Lair:1   | Killed an eight-headed hydra
 13831 | Lair:2   | Noticed a five-headed hydra
 13840 | Lair:2   | Killed a five-headed hydra
 13976 | Lair:2   | Reached skill level 10 in Transmutations
 14426 | Lair:2   | Noticed Sonja
 14515 | Lair:3   | Reached skill level 12 in Unarmed Combat
 14553 | Lair:3   | Reached skill level 5 in Invocations
 14604 | Lair:3   | Noticed a four-headed hydra
 14616 | Lair:3   | Killed a four-headed hydra
 14616 | Lair:3   | Reached ***** piety under Makhleb
 14764 | Lair:3   | Found a hole to the Spider Nest.
 15174 | Lair:4   | Reached XP level 13. HP: 101/101 MP: 18/21
 15480 | Lair:4   | Noticed Nessos
 15677 | Lair:2   | Cast into level 1 of the Abyss (Sonja)
 15677 | Abyss:1  | Found a corrupted altar of Lugonu.
 15787 | Abyss:1  | Noticed a starcursed mass
 15827 | Lair:2   | Escaped the Abyss
 15830 | Lair:2   | Killed Sonja
 16795 | D:11     | Killed Urug
 17221 | Orc:1    | Entered Level 1 of the Orcish Mines
 17336 | Orc:1    | Reached skill level 13 in Unarmed Combat
 17645 | Orc:2    | Entered Level 2 of the Orcish Mines
 17645 | Orc:2    | Found Ufaametu's Antique Weapon Boutique.
 17652 | Orc:2    | Found Jeule's Magic Scroll Shop.
 17759 | Orc:2    | Reached skill level 10 in Fighting
 18010 | Orc:2    | Found a staircase to the Elven Halls.
 18011 | Orc:2    | Found Optoluh's Jewellery Shoppe.
 18015 | Orc:2    | Found Cock's Weapon Emporium.
 18037 | Orc:2    | Bought a ring of see invisible for 180 gold pieces
 18338 | Orc:2    | Found Hochanupt's General Store.
 18401 | Orc:2    | Reached ****** piety under Makhleb
 18411 | Orc:2    | Found Bewimo's General Store.
 18460 | Orc:2    | Bought a potion of heal wounds for 75 gold pieces
 18460 | Orc:2    | Bought a potion of cancellation for 120 gold pieces
 18460 | Orc:2    | Bought a potion of ambrosia for 120 gold pieces
 18556 | Orc:2    | Slain by a sixfirhy

Illustrated notes

Levels and vault maps discovered:
D:1:      minmay_arrival_wavy_path, layout_basic, serial_corexii_hall,
          chequers_hall_statues_y, corexii_hall_statues_i,
          basic_ecumenical_altar, kennysheep_decorative_pillar,
          hangedman_feature_mirror
D:2:      mumra_celtic_spiral_tile, layout_loops_ring, serial_glass,
          glass_columns_a, glass_columns_a, item_on_display_a,
          item_on_display_b, item_on_display_a, basic_altar
D:3:      layout_rooms
D:4:      layout_cave_pods, minmay_temple_entry_from_below_a,
          portal_sewer_entry_c
D:5:      layout_basic
D:6:      cheibrodos_fzero, layout_basic, serial_shops,
          nicolae_shop_behind_doors, nicolae_stop_n_shop_2,
          nicolae_underground_beach, uniq_edmund, uniq_eustachio, uniq_maggie
D:7:      layout_basic, tso_oasis_becter, nicolae_ossuary_entry_monument
D:8:      layout_loops_ring, kennysheep_generic_room_10, uniq_erica
D:9:      layout_rooms, orc_0_dummy, chequers_garden
D:10:     layout_cave_pools, dpeg_lair_monsters
D:11:     layout_basic, special_room [special_room_kobold], serial_shops,
          nicolae_square_shop, minmay_misc_feat_square,
          hangedman_abyss_or_decor_stagger, uniq_urug
Temple:   minmay_crystal_snake_temple
Lair:1:   layout_layer_cave, grunt_megastairs_4, uniq_fannar
Lair:2:   layout_cave_pods, uniq_sonja
Lair:3:   layout_roguey, dummy_spider_entry, serial_bayou_shore_a
Lair:4:   layout_cave_pods, minmay_swamp_entry_reptiles, worms_lemuel,
          grunt_megastairs_2, uniq_nessos
Orc:1:    layout_caves
Orc:2:    pf_orc_diabolical, layout_caves, basic_altar, serial_shops,
          shop_statue, nicolae_shop_hallway_stairs,
          nicolae_shop_temple_entry_statues_fountains, nicolae_shop_waterfront,
          nicolae_orc_sculptors_studio, nicolae_orc_lava_room

Skill      XL: |  1  2  3  4  5  6  7  8  9 10 11 12 13 |
---------------+----------------------------------------+-----
Transmutations | 3 4 5 6 7 8 9 10 11 | 11.1
Dodging        | 3 4 5 6 8 9 10 11 | 11.8
Unarmed Combat | 4 5 6 8 9 11 12 13 | 13.3
Stealth        | 1 2 3 |  3.2
Poison Magic   | 1 2 3 4 5 6 7 |  7.6
Fighting       | 2 3 4 5 6 7 8 9 10 | 10.2
Spellcasting   | 3 4 5 |  5.8
Armour         | 1 2 |  2.5
Ice Magic      | 3 4 5 6 |  6.3
Invocations    | 2 5 6 |  6.5

Action                   |  1- 3 |  4- 6 |  7- 9 | 10-12 | 13-15 || total
-------------------------+-------+-------+-------+-------+-------++-------
Melee: Unarmed           |   110 |   130 |   452 |   549 |   438 ||  1679
       Headbutt          |    19 |    10 |    24 |    13 |       ||    66
       Punch             |     1 |       |     4 |     3 |       ||     8
       Tailslap          |       |     1 |       |       |       ||     1
       Staff             |       |       |       |       |     1 ||     1
 Cast: Beastly Appendage |    24 |    19 |    23 |     9 |       ||    75
       Spider Form       |       |     8 |    31 |    39 |     5 ||    83
       Ice Form          |       |       |       |    19 |    25 ||    44
Invok: Minor Destruction |       |       |       |     1 |     1 ||     2
  Use: Scroll            |       |       |     7 |     6 |     6 ||    19
       Potion            |       |       |       |     1 |     1 ||     2
 Stab: Sleeping          |     2 |     2 |     1 |     3 |       ||     8
       Distracted        |       |     1 |       |       |       ||     1
Armor: Robe              |    15 |    12 |       |       |       ||    27
       Skin              |       |     3 |     9 |    43 |    47 ||   102
       Troll leather arm |       |     2 |    42 |    31 |     2 ||    77
Dodge: Dodged            |    65 |   109 |   431 |   533 |   381 ||  1519

Table legend: (Time is in decaauts)
 A = Elapsed time spent in this place.
 B = Non-inter-level travel time spent in this place.
 C = Inter-level travel time spent in this place.
 D = Time resting spent in this place.
 E = Time spent auto-exploring this place.
 F = Levels seen in this place.
 G = Mean time per level.
                   A        B        C        D        E       F      G
               +--------+--------+--------+--------+--------+-----+--------+
         Total |  18329 |  17849 |    480 |   2036 |   8386 |  21 |  872.8 |
       Dungeon |  12403 |  12006 |    397 |   1573 |   5856 |  11 | 1127.5 |
        Temple |    258 |    226 |     32 |      0 |    143 |   1 |  258.0 |
          Lair |   3606 |   3555 |     51 |    122 |   2198 |   4 |  901.5 |
  Orcish Mines |   1280 |   1280 |      0 |    103 |    158 |   2 |  640.0 |
         Abyss |    145 |    145 |      0 |      0 |      0 |   1 |  145.0 |
         Sewer |    356 |    356 |      0 |    202 |     29 |   1 |  356.0 |
       Ossuary |    279 |    279 |      0 |     36 |      0 |   1 |  279.0 |
               +--------+--------+--------+--------+--------+-----+--------+

Top non-repeatable levels by time:
     D:5: 1649 daAuts
  Lair:1: 1321 daAuts
     D:3: 1318 daAuts
     D:1: 1255 daAuts
     D:2: 1254 daAuts
    D:11: 1237 daAuts
     D:6: 1212 daAuts
  Lair:2: 1192 daAuts
     D:8: 1088 daAuts
     D:4: 1052 daAuts
     D:7: 1041 daAuts
     D:9: 901 daAuts
   Orc:2: 766 daAuts
  Lair:3: 747 daAuts
   Orc:1: 513 daAuts
